 Dungeon Crawl Stone Soup version 0.30-a0-358-g0d69a1922f (webtiles) character file.

Game seed: 6449812743701136677

31 koil the Magician (level 3, 0/28 HPs)
             Began as a Minotaur Wanderer on Nov 9, 2022.
             Slain by Sigmund
             ... wielding a +0 scythe
              (2 damage)
             ... on level 2 of the Dungeon.
             The game lasted 00:04:19 (915 turns).

koil the Magician (Minotaur Wanderer)                Turns: 915, Time: 00:04:22

Health: 0/28       AC: 10    Str: 16    XL:     3   Next: 7%
Magic:  6/6        EV:  2    Int:  8    God:
Gold:   30         SH: 10    Dex: 12    Spells: 6/7 levels left

rFire   . . .      SeeInvis .    a - +0 short sword
rCold   . . .      Faith    .    e - +0 tower shield
rNeg    . . .      Spirit   .    j - +1 chain mail {Will+}
rPois   .          Reflect  .    (helmet restricted)
rElec   .          Harm     .    (no cloak)
rCorr   .          Rampage  .    (no gloves)
Will    +....                    (no boots)
Stlth   ..........               (no amulet)
HPRegen 0.24/turn                (no ring)
MPRegen 0.10/turn                (no ring)

@: no status effects
A: horns 2, retaliatory headbutt
a: no special abilities


You were on level 2 of the Dungeon.
You visited 1 branch of the dungeon, and saw 2 of its levels.

You collected 30 gold pieces.

Inventory:

Hand Weapons
 a - a +0 short sword (weapon)
Armour
 e - a +0 tower shield (worn)
 j - a +1 chain mail of willpower (worn)
Scrolls
 c - a scroll of blinking
 f - a scroll of noise {unknown}
 h - a scroll of teleportation {unknown}
 i - a scroll of brand weapon {unknown}
Potions
 d - a potion of mutation {unknown}
 g - 2 potions of heal wounds {unknown}


   Skills:
 + Level 1.3 Fighting
 - Level 1.4 Short Blades
 + Level 0.6 Axes
 + Level 2.9 Armour
 + Level 1.1 Dodging
 + Level 0.9 Shields
 - Level 2.9 Spellcasting
 - Level 2.1 Necromancy
 + Level 0.4 Evocations


You had 6 spell levels left.
You knew the following spells:

 Your Spells              Type           Power      Damage    Failure   Level
a - Necrotise             Necr           16%        1d4       100%        1

Your spell library contained the following spells:

 Spells                   Type           Power      Damage    Failure   Level
 Summon Small Mammal      Summ           4%         N/A       100%        1
 Call Canine Familiar     Summ           1%         N/A       100%        3
 Summon Guardian Golem    Hex/Summ       1%         N/A       100%        3
 Vampiric Draining        Necr           4%         2d6       100%        3
 Dispel Undead            Necr           4%         3d7       100%        4


Dungeon Overview and Level Annotations

Branches:
Dungeon (2/15)

Altars:

Annotations:
D:2 Sigmund, Terence


Innate Abilities, Weirdness & Mutations

You have a pair of horns on your head.
You reflexively headbutt those who attack you in melee.


Message History

A kobold comes into view. It is wielding a +0 club.
You miss something.
The kobold shouts!
You hear some strange, mumbled words.
Something tries to affect you, but you resist.
You hit something but do no damage. Something hits you.
You closely miss something. Something hits you!
You hit something but do no damage. You block something's attack.
You closely miss something. You block something's attack.
You hit something. Something hits you but does no damage.
You hit something. Your headbutt misses something.
Something hits you but does no damage.
You miss something.
You hear some strange, mumbled words.
A magic dart appears from out of thin air!
The magic dart hits you.
You hit something but do no damage. Your headbutt misses something.
Something hits you!
* * * LOW HITPOINT WARNING * * *
You hit something. Something hits you.
* * * LOW HITPOINT WARNING * * *
You miss something. Something completely misses you.
You barely miss something. Your headbutt misses something.
You block something's attack.
You hit something but do no damage. You block something's attack.
You miss something. You hit something but do no damage.
You hear some strange, mumbled words.
Something tries to affect you, but you resist.
Something hits you.
* * * LOW HITPOINT WARNING * * *
You closely miss something. You block something's attack.
You miss something. You headbutt something. You block something's attack.
You closely miss something. You hit something.
You hear some strange, mumbled words.
A puff of flame appears from out of thin air!
The puff of flame hits you.
* * * LOW HITPOINT WARNING * * *
Something hits you.
You die...

#<..............#
#...............#
#...............
##..........####
##.........#
######..### ##.#
#.# #@# #{## #@J#
#..#r# ..... ..#
....... ..#
....... #.#
...J... ..
....... .##


You could see Terence, an endoplasm and a quokka.

Vanquished Creatures
  A dart slug (D:1)
  3 bats (D:1)
  5 endoplasms
  A goblin (D:1)
  2 hobgoblins (D:1)
  4 jackals (D:1)
  A quokka (D:1)
  5 ball pythons (D:1)
  2 frilled lizards (D:1)
  A kobold (D:1)
  A rat (D:1)
26 creatures vanquished.

Notes
Turn   | Place    | Note
-------+----------+-------------------------------------------
     0 | D:1      | koil the Minotaur Wanderer began the quest for the Orb.
     0 | D:1      | koil set off with the following items: a +0 short sword, a
                  | +0 scale mail, a scroll of blinking; and the following
                  | spell memorised: Necrotise; and the following spells
                  | available to memorise: Vampiric Draining, Dispel Undead.
     0 | D:1      | Reached XP level 1. HP: 14/14 MP: 3/3
   133 | D:1      | Reached XP level 2. HP: 19/22 MP: 4/4
   172 | D:1      | Reached skill level 1 in Fighting
   369 | D:1      | Reached skill level 1 in Dodging
   432 | D:1      | Found a faded altar of an unknown god.
   739 | D:1      | Reached XP level 3. HP: 28/28 MP: 6/6
   884 | D:2      | Noticed Terence
   884 | D:2      | Noticed Sigmund
   905 | D:2      | HP: 4/28 [something (9)]
   911 | D:2      | HP: 4/28 [something (1)]
   915 | D:2      | Slain by Sigmund

Illustrated notes

Levels and vault maps discovered:
D:1:      giann_wishing_wells, layout_loops_ring,
          hellmonk_ecumenical_altar_crossroads
D:2:      layout_rooms, uniq_sigmund, uniq_crazy_yiuf_cottage, uniq_terence

Skill      XL: |  1  2 |
---------------+-------+-----
Fighting       | 1 |  1.3
Dodging        | 1 |  1.1
Short Blades   | |  1.4
Axes           | |  0.6
Armour         | |  2.9
Shields        | |  0.9
Spellcasting   | |  2.9
Necromancy     | |  2.1
Evocations     | |  0.4

Action                   || total
-------------------------++-------
Melee: Short sword       ||   100
       Headbutt          ||    13
Armor: Scale mail        ||    47
       Chain mail        ||     5
Dodge: Dodged            ||    27
Block: Tower shield      ||    43

Table legend: (Time is in decaauts)
 A = Elapsed time spent in this place.
 B = Non-inter-level travel time spent in this place.
 C = Inter-level travel time spent in this place.
 D = Time resting spent in this place.
 E = Time spent auto-exploring this place.
 F = Levels seen in this place.
 G = Mean time per level.
                   A        B        C        D        E       F      G
               +--------+--------+--------+--------+--------+-----+--------+
         Total |    942 |    897 |     45 |      0 |    662 |   2 |  471.0 |
       Dungeon |    942 |    897 |     45 |      0 |    662 |   2 |  471.0 |
               +--------+--------+--------+--------+--------+-----+--------+

Top non-repeatable levels by time:
     D:1: 888 daAuts
     D:2: 54 daAuts
